 Dungeon Crawl Stone Soup version 0.25-a0-294-gea9b1ad378 (webtiles) character file.

Game seed: 1780323796419079705, levelgen mode: deterministic

106152 pud the Deadly Accurate (level 15, -2/132 HPs)
             Began as a Centaur Venom Mage on Dec 18, 2019.
             Was the Champion of Okawaru.
             Hit by a silver javelin thrown by a merfolk javelineer (9 damage)
             ... on level 1 of the Shoals.
             The game lasted 02:31:25 (42085 turns).

pud the Deadly Accurate (Centaur Venom Mage)       Turns: 42085, Time: 02:31:25

Health: -2/132     AC: 27    Str: 16    XL:     15   Next: 96%
Magic:  3/24       EV: 15    Int: 17    God:    Okawaru [******]
Gold:   1804       SH:  6    Dex: 11    Spells: 15/26 levels left

rFire    + + +     SeeInvis .   J - +8 hand axe of Premature Burial {flame, *Slow +Blink rN+}
rCold    + . .     Gourm    .   Z - +0 buckler of Podeazuka {rElec rPois MR+}
rNeg     + . .     Faith    .   j - +3 ring mail {rC+}
rPois    +         Spirit   .   W - +2 hat {Int+3}
rElec    +         Reflect  .   f - +1 cloak
rCorr    .         Harm     .   w - +0 pair of gloves
MR       ++...                  L - +2 centaur barding {rF+}
Stlth    ++........             n - amulet of regeneration
HPRegen  0.72/turn              Y - +6 ring of evasion
MPRegen  0.19/turn              B - ring of protection from fire

@: heroism, finesse, mesmerised, very slightly contaminated, very quick
A: large, hooves 3, deformed body, fire resistance 1, speed 2, sense
surroundings 1, tough skin 3
a: Heroism, Finesse, Renounce Religion, Evoke Blink


You were on level 1 of the Shoals.
You worshipped Okawaru.
Okawaru was exalted by your worship.
You were hungry.

You visited 5 branches of the dungeon, and saw 25 of its levels.
You also visited: Volcano.

You collected 2668 gold pieces.
You spent 864 gold pieces at shops.

Inventory:

Hand Weapons
 a - the +6 whip of Evil {elec, Dex+3}
   (You bought it in a shop on level 8 of the Dungeon)

   Occasionally, upon striking a foe, it will discharge some electrical energy
   and cause terrible harm.
   It affects your dexterity (+3).
 b - the +10 whip of Theory {venom, MR+}
   (You found it on level 13 of the Dungeon)

   It poisons the flesh of those it strikes.
   It affects your resistance to hostile enchantments.
 E - a +1 broad axe of freezing
 J - the +8 hand axe of Premature Burial (weapon) {flame, *Slow +Blink rN+}
   (You found it on level 3 of the Lair of Beasts)

   It has been specially enchanted to burn those struck by it, causing extra
   injury to most foes and up to half again as much damage against particularly
   susceptible opponents.
   Big, fiery blades are also staple armaments of hydra-hunters.
   It protects you from negative energy.
   It lets you blink.
   It may slow you when you take damage.
Missiles
 y - 18 poisoned darts
 K - 5 silver javelins
 P - 27 boomerangs (quivered)
 T - 14 curare-tipped darts
 U - 3 javelins
Armour
 f - a +1 cloak (worn)
 j - a +3 ring mail of cold resistance (worn)
 w - a +0 pair of gloves (worn)
 L - a +2 centaur barding of fire resistance (worn)
 W - a +2 hat of intelligence (worn)
 Z - the +0 buckler of Podeazuka (worn) {rElec rPois MR+}
   (You bought it in a shop on level 2 of the Orcish Mines)

   It insulates you from electricity.
   It protects you from poison.
   It affects your resistance to hostile enchantments.
Jewellery
 d - an uncursed ring of ice
 g - an uncursed amulet of magic regeneration
 n - an amulet of regeneration (around neck)
 B - a ring of protection from fire (right hand)
 D - an uncursed ring of positive energy
 Q - an uncursed amulet of rage
 Y - a +6 ring of evasion (left hand)
Wands
 A - a wand of digging (3)
 G - a wand of enslavement (19)
 H - a wand of flame (30)
 R - a wand of scattershot (3)
 X - a wand of iceblast (12)
Scrolls
 e - 8 scrolls of teleportation
 i - 6 scrolls of remove curse
 o - a scroll of enchant armour
 F - 5 scrolls of identify
 O - 2 scrolls of magic mapping
 V - 3 scrolls of silence
Potions
 h - 2 potions of haste
 k - 2 potions of berserk rage
 l - 8 potions of brilliance
 p - 11 potions of curing
 q - 4 potions of heal wounds
 r - 5 potions of might
 s - 5 potions of flight
 t - 2 potions of resistance
 u - 3 potions of ambrosia
 v - 2 potions of agility
 z - 5 potions of lignification
 C - a potion of cancellation {unknown}
 N - 3 potions of magic
Miscellaneous
 m - a lightning rod (4/4)
 M - a sack of spiders
Comestibles
 c - 35 rations
 x - 8 chunks of flesh


   Skills:
 * Level 11.9(16.9) Fighting
   Level 1.8(6.8) Short Blades
 + Level 9.5(14.5) Axes
 - Level 0.2(10.9) Maces & Flails
 + Level 15.6(20.6) Throwing
 * Level 10.3(15.3) Armour
 - Level 1.3(6.3) Dodging
 - Level 1.1(6.1) Stealth
 * Level 4.2(9.2) Shields
 - Level 6.3 Spellcasting
 - Level 1.2 Translocations
 - Level 2.4 Transmutations
 - Level 3.0 Air Magic
 - Level 7.0 Poison Magic
 - Level 6.0 Invocations
 - Level 1.1 Evocations


You had 15 spell levels left.
You knew the following spells:

 Your Spells              Type           Power        Failure   Level  Hunger
a - Sting                 Tmut/Pois      ###.         2%          1    None
b - Poisonous Vapours     Pois/Air       ###...       3%          2    None
c - Mephitic Cloud        Conj/Pois/Air  ###.....     14%         3    ##.....
d - Olgreb's Toxic Radia  Pois           ####....     11%         4    ####...
e - Apportation           Tloc           #.....       11%         1    None

Your spell library contained the following spells:

 Spells                   Type           Power        Failure   Level  Hunger
 Shock                    Conj/Air       ##..         10%         1    None
 Swiftness                Chrm/Air       ##......     16%         2    None
 Ignite Poison            Fire/Tmut/Pois ###.....     16%         3    ##.....
 Animate Skeleton         Necr           N/A          19%         1    None
 Confusing Touch          Hex            #.....       19%         1    None
 Corona                   Hex            #......      19%         1    None
 Freeze                   Ice            #...         19%         1    None
 Summon Small Mammal      Summ           #...         19%         1    None
 Call Imp                 Summ           #.......     28%         2    None
 Ensorcelled Hibernation  Hex/Ice        #.....       28%         2    None
 Slow                     Hex            #.......     28%         2    None
 Static Discharge         Conj/Air       ##......     30%         3    ##.....
 Portal Projectile        Hex/Tloc       #.....       41%         3    ##.....
 Airstrike                Air            ###.......   47%         4    ####...
 Call Canine Familiar     Summ           #.......     50%         3    ##.....
 Inner Flame              Hex/Fire       #.......     50%         3    ##.....
 Ozocubu's Armour         Chrm/Ice       #.......     50%         3    ##.....
 Summon Guardian Golem    Hex/Summ       #.......     50%         3    ##.....
 Summon Lightning Spire   Summ/Air       ##......     69%         4    ####...
 Cause Fear               Hex            #.........   88%         4    ####...
 Hailstorm                Conj/Ice       #.......     88%         4    ####...
 Leda's Liquefaction      Hex/Erth       #.........   88%         4    ####...
 Summon Ice Beast         Ice/Summ       #.......     88%         4    ####...
 Lightning Bolt           Conj/Air       ##........   95%         5    #####..
 Silence                  Hex/Air        ##........   95%         5    #####..
 Irradiate                Conj/Tmut      #.........   97%         5    #####..
 Yara's Violent Unravell  Hex/Tmut       #.........   97%         5    #####..
 Metabolic Englaciation   Hex/Ice        #.........   99%         5    #####..
 Deflect Missiles         Chrm/Air       ##........   100%        6    #######
 Hydra Form               Tmut           ##........   100%        6    #######
 Invisibility             Hex            #.......     100%        6    #######
 Statue Form              Tmut/Erth      #........    100%        6    #######
 Dragon Form              Tmut           ##........   100%        7    #######
 Discord                  Hex            #.........   100%        8    #######


Dungeon Overview and Level Annotations

Branches:
Dungeon (15/15)            Temple (0/1) D:4            Lair (6/6) D:9
 Shoals (1/4) Lair:2        Snake (1/4) Lair:3        Slime (0/5) Lair:6
    Orc (2/2) D:11            Elf (0/3) Orc:2        Vaults (0/5) D:14
 Depths (0/5) D:15        Volcano (visited)

Altars:
Ashenzari
Dithmenos
Fedhas
Gozag
Kikubaaqudgha
Makhleb
Okawaru
Qazlal
Ru
Sif Muna
Trog
Uskayaw
Xom
Yredelemnul
Zin
The Shining One
Beogh
Jiyva

Shops:
D:4 (   D:8 (   D:13 =:[=:   D:15 *   Orc:2 [?**

Annotations:
D:3 exclusion: 2 downstairs
D:13 exclusion: downstairs
D:14 1 runed translucent door, Geock's ghost, journeyman DDBe
Lair:6 exclusion: 4 oklob plants
Orc:2 2 runed translucent doors, emiel's ghost, journeyman CeWn


Innate Abilities, Weirdness & Mutations

You have hooves in place of feet.
Armour fits poorly on your strangely shaped body.
You cover ground very quickly.
You have extremely tough skin. (AC +3)
Your flesh is heat resistant. (rF+)
You passively map a small area around you.


Message History

You slash the merfolk! You burn the merfolk.
You kill the merfolk!
Okawaru accepts your kill.
You slash the merfolk! You burn the merfolk. You slash the merfolk!
You burn the merfolk.
You kill the merfolk!
Okawaru accepts your kill. The merfolk closely misses you. x2
The merfolk javelineer hits you but does no damage.
The merfolk misses you. You block the merfolk's attack.
You barely miss the merfolk.
The merfolk is severely wounded.
The merfolk siren chants its luring song.
The merfolk siren hits you but does no damage.
Unknown command.
The merfolk javelineer throws a silver javelin.
The silver javelin pierces through you!!
* * * LOW HITPOINT WARNING * * *
The silver sears you!
You die...

≈...........#####..≈≈≈≈≈≈≈≈≈≈.#
............# ###..≈≈≈≈≈≈≈≈≈≈.# #
............###.....≈≈≈≈≈≈≈≈≈.# #
..........(....#.#....≈≈≈≈≈)≈.###
................##...≈≈≈≈≈≈≈≈....
.....)..###.........≈≈≈≈≈≈≈≈≈≈≈≈≈
....(≈÷##8###...m...≈≈≈≈≈≈≈≈≈≈≈≈≈
....≈≈≈≈...###†.)m≈≈≈≈≈≈≈≈≈≈≈≈≈≈≈
....≈†≈≈≈≈...##(@m)≈≈≈≈≈≈≈≈≈≈≈≈..
....#≈≈≈≈≈≈≈.##)mm≈≈≈≈≈≈≈≈≈≈≈≈≈..
...##.≈≈≈≈≈≈..##mm≈≈≈≈≈≈≈≈≈≈≈≈≈..
...#8(≈≈≈≈≈≈≈.8#.≈≈≈≈≈≈≈≈≈≈≈≈≈≈≈.
...##..≈≈≈≈≈..##.≈≈≈≈≈≈≈≈≈≈.≈≈≈≈.
###.##.≈≈≈≈≈.##.≈≈≈≈≈≈≈≈≈≈≈......
###.##..(≈.=.##.≈≈≈≈≈≈≈≈≈.....(..
.....###...###.≈≈≈≈≈≈≈≈≈≈........
....#.###8###.≈≈≈≈≈≈≈≈≈..........


You could see a merfolk javelineer, 4 merfolk and 2 merfolk sirens.

Vanquished Creatures
  Rupert (Lair:5)
  Gastronok (Orc:1)
  An orc warlord (D:11)
  Nessos (Lair:4)
  2 ettins
  A fire dragon (D:15)
  Fannar (Orc:1)
  8 hydras
  A naga warrior (Snake:1)
  The ghost of bmj180 the Destroyer, a journeyman DrCj of Vehumet (D:10)
  2 centaur warriors (D:15)
  2 anacondas (Snake:1)
  2 catoblepae
  A dancing weapon (D:9)
  Erica (D:9)
  A death knight (D:14)
  9 death yaks (Lair:6)
  7 two-headed ogres
  3 tengu warriors
  A deep troll shaman (Lair:6)
  5 orc high priests
  An iron troll (D:14)
  A deep troll (D:15)
  3 unseen horrors
  Pikel (D:7)
  A naga ritualist (Snake:1)
  2 mana vipers (Snake:1)
  A lindwurm (Lair:4)
  3 harpies (Shoals:1)
  A wolf spider zombie (D:14)
  3 orc knights (Orc:1)
  A necromancer (D:14)
  2 orc sorcerers
  5 ugly things
  6 fauns (Shoals:1)
  3 cyclopes
  9 manticores
  7 black mambas
  4 merfolk sirens (Shoals:1)
  2 centaur zombies
  7 elephants
  A water nymph (Shoals:1)
  Joseph (D:7)
  Psyche (D:9)
  11 spiny frogs
  A gargoyle (D:13)
  2 kobold demonologists (D:15)
  3 rime drakes
  5 komodo dragons
  3 freezing wraiths
  A red devil (Volcano)
  3 tengu conjurers (D:15)
  5 polar bears
  10 trolls
  A wind drake (Shoals:1)
  9 merfolk (Shoals:1)
  A hornet (D:10)
  Prince Ribbit (Lair:3)
  2 snapping turtles (Shoals:1)
  12 hippogriffs
  11 slime creatures
  11 blink frogs
  A vampire (D:15)
  A shadow (D:7)
  4 wraiths
  3 wyverns
  A basilisk (shapeshifter) (D:14)
  A water elemental (Shoals:1)
  3 fire bats (Lair:2)
  16 yaks
  A basilisk (Lair:3)
  A steam dragon (D:12)
  4 hungry ghosts
  A naga (Snake:1)
  2 wargs
  3 vampire mosquitoes (D:14)
  An acid dragon (D:15)
  3 hell hounds (Volcano)
  3 soldier ants
  11 water moccasins
  Duvessa (D:4)
  A floating eye (shapeshifter) (D:15)
  5 porcupines
  4 slaves (D:7)
  5 ice beasts
  8 sky beasts
  32 orc warriors
  2 black bears
  7 ogres
  2 phantoms
  3 eyes of draining
  15 killer bees
  7 centaurs
  16 wolves
  7 crocodiles
  4 big kobolds
  15 bullfrogs
  2 gnoll sergeants
  Dowan (D:4)
  4 scorpions
  A wyvern skeleton (D:12)
  A troll zombie (D:15)
  16 wights
  2 electric eels (Lair:3)
  5 howler monkeys
  3 crimson imps
  2 human zombies (D:15)
  2 bullfrog zombies
  A quasit (D:10)
  5 jellies
  4 hounds
  39 orc priests
  A bullfrog skeleton (D:8)
  4 centaur skeletons
  Jessica (D:3)
  4 iguanas
  A human skeleton (D:15)
  Natasha (twice) (D:4)
  36 orc wizards
  12 worker ants
  4 mummies (D:15)
  A worker ant zombie (D:9)
  A howler monkey zombie (D:11)
  18 gnolls
  15 adders
  A shadow imp (D:7)
  An adder skeleton (D:5)
  5 worms
  4 dart slugs
  5 leopard geckos
  103 orcs
  7 bats
  5 giant cockroaches
  10 goblins
  8 hobgoblins
  2 jackals (D:2)
  A quokka (D:5)
  3 ball pythons
  8 frilled lizards
  17 kobolds
  2 orc zombies (D:15)
  A quokka skeleton (D:5)
  4 rats
  A plant (D:8)
780 creatures vanquished.

Vanquished Creatures (collateral kills)
  A giant cockroach (D:5)
1 creature vanquished.

Vanquished Creatures (others)
  A killer bee (D:5)
  6 fungi
  A plant (Lair:6)
  4 toadstools (D:5)
12 creatures vanquished.

Grand Total: 793 creatures vanquished

Notes
Turn   | Place    | Note
-------+----------+-------------------------------------------
     0 | D:1      | pud the Centaur Venom Mage began the quest for the Orb.
     0 | D:1      | Reached XP level 1. HP: 14/14 MP: 3/3
     6 | D:1      | Noticed a wyvern
     6 | D:1      | Noticed a crocodile
     6 | D:1      | Noticed a water moccasin
     7 | D:1      | Noticed a polar bear
   176 | D:1      | Reached XP level 2. HP: 20/20 MP: 1/4
   256 | D:1      | Learned a level 2 spell: Poisonous Vapours
   338 | D:1      | Reached skill level 1 in Transmutations
   868 | D:2      | Found a hide-covered altar of Uskayaw.
   885 | D:2      | Reached XP level 3. HP: 8/26 MP: 1/6
  1437 | D:2      | Reached skill level 1 in Armour
  1624 | D:2      | Found a shadowy altar of Dithmenos.
  1697 | D:2      | Reached XP level 4. HP: 33/33 MP: 2/7
  2018 | D:3      | Reached skill level 1 in Air Magic
  2358 | D:3      | Found an iron altar of Okawaru.
  2610 | D:3      | Reached XP level 5. HP: 38/38 MP: 4/8
  2691 | D:3      | Noticed Jessica
  2698 | D:3      | Killed Jessica
  2908 | D:3      | Became a worshipper of Warmaster Okawaru
  2928 | D:4      | Noticed Dowan
  2988 | D:4      | Noticed Duvessa
  2999 | D:4      | Killed Duvessa
  2999 | D:4      | Reached XP level 6. HP: 43/45 MP: 1/10
  3078 | D:3      | Learned a level 3 spell: Mephitic Cloud
  3125 | D:4      | Found a staircase to the Ecumenical Temple.
  3206 | D:4      | Killed Dowan
  3431 | D:4      | Noticed Natasha
  3436 | D:4      | Killed Natasha
  3447 | D:4      | Found Ceof's Antique Weapon Boutique.
  3564 | D:4      | Found a blossoming altar of Fedhas.
  3651 | D:4      | Reached * piety under Okawaru
  3981 | D:4      | Noticed Natasha
  3985 | D:4      | Killed Natasha
  4057 | D:5      | Entered Level 5 of the Dungeon
  4167 | D:5      | Reached XP level 7. HP: 37/51 MP: 4/11
  4301 | D:5      | Reached skill level 1 in Invocations
  4384 | D:5      | Found a burning altar of Makhleb.
  4520 | D:5      | Noticed a hippogriff
  4736 | D:5      | Killed a hippogriff
  4736 | D:5      | Reached ** piety under Okawaru
  4736 | D:5      | Reached skill level 1 in Short Blades
  4883 | D:5      | Reached XP level 8. HP: 58/58 MP: 4/13
  5138 | D:5      | Reached skill level 1 in Throwing
  5423 | D:5      | Reached skill level 2 in Throwing
  5679 | D:6      | Noticed a two-headed ogre
  5701 | D:6      | Killed a two-headed ogre
  5701 | D:6      | Reached *** piety under Okawaru
  5701 | D:6      | Reached skill level 3 in Throwing
  5701 | D:6      | Reached XP level 9. HP: 67/67 MP: 2/15
  5880 | D:6      | Reached skill level 5 in Poison Magic
  6041 | D:6      | Reached **** piety under Okawaru
  6199 | D:6      | Found a bloodstained altar of Trog.
  6834 | D:7      | Reached skill level 5 in Invocations
  6860 | D:7      | Received a gift from Okawaru
  6884 | D:7      | Found an opulent altar of Gozag.
  7067 | D:7      | Reached skill level 4 in Throwing
  7070 | D:7      | Found a stormy altar of Qazlal.
  7086 | D:7      | Found a shimmering blue altar of Sif Muna.
  7244 | D:7      | Received a gift from Okawaru
  7701 | D:7      | Reached skill level 5 in Throwing
  8446 | D:7      | Noticed Pikel
  8457 | D:7      | Killed Pikel
  8457 | D:7      | Reached skill level 5 in Spellcasting
  8457 | D:7      | Reached XP level 10. HP: 78/78 MP: 5/17
  8713 | D:8      | Noticed Joseph
  8729 | D:7      | Killed Joseph
  9069 | D:8      | Found Poer's Antique Weapon Emporium.
  9176 | D:8      | Bought a steaming whip for 180 gold pieces
  9176 | D:8      | Identified the +6 whip of Evil {elec, Dex+3} (You bought it
                  | in a shop on level 8 of the Dungeon)
  9451 | D:8      | Learned a level 4 spell: Olgreb's Toxic Radiance
  9557 | D:8      | Reached ***** piety under Okawaru
  9795 | D:8      | Found an ancient bone altar of Kikubaaqudgha.
 10030 | D:8      | Reached skill level 5 in Armour
 10181 | D:8      | Found a sacrificial altar of Ru.
 10331 | D:7      | Gained mutation: Scrolls take you a little longer to read.
                  | [potion of mutation]
 10331 | D:7      | Gained mutation: You are partially covered in large bone
                  | plates. (SH +4) [potion of mutation]
 10332 | D:7      | Lost mutation: Scrolls take you a little longer to read.
                  | [potion of mutation]
 10332 | D:7      | Lost mutation: You are partially covered in large bone
                  | plates. (SH +4) [potion of mutation]
 10332 | D:7      | Gained mutation: You passively map a small area around you.
                  | [potion of mutation]
 10332 | D:7      | Gained mutation: Your flesh is heat resistant. (rF+)
                  | [potion of mutation]
 10629 | D:9      | Reached skill level 5 in Fighting
 10634 | D:9      | Received a gift from Okawaru
 10637 | D:9      | Got a warped demon whip {god gift}
 10638 | D:9      | Identified the +1 demon whip "Zekketwe" {venom, rC+ rN+
                  | Int+3} (Okawaru gifted it to you on level 9 of the Dungeon)
 11295 | D:9      | Found a staircase to the Lair.
 11297 | D:9      | Noticed Erica
 11318 | D:9      | Killed Erica
 11318 | D:9      | Reached skill level 6 in Throwing
 11318 | D:9      | Reached XP level 11. HP: 84/88 MP: 6/20
 11645 | D:9      | Noticed Psyche
 11661 | D:9      | Killed Psyche
 11819 | D:9      | Found a shattered altar of Ashenzari.
 12476 | D:10     | Entered Level 10 of the Dungeon
 12688 | D:10     | Noticed a two-headed ogre
 12737 | D:10     | Killed a two-headed ogre
 12820 | D:10     | Reached skill level 7 in Throwing
 13046 | D:10     | Found a runed translucent door.
 13046 | D:10     | Found a shimmering altar of Xom.
 13046 | D:10     | Noticed bmj180's ghost (journeyman DrCj)
 13046 | D:10     | Noticed a +1 scimitar of chaos
 13917 | D:11     | Reached skill level 8 in Throwing
 13952 | D:11     | Noticed a two-headed ogre
 13989 | D:11     | Killed a two-headed ogre
 14045 | D:11     | Noticed a green ugly thing
 14052 | D:11     | Killed a green ugly thing
 14052 | D:11     | Received a gift from Okawaru
 14729 | D:11     | Noticed a tengu warrior
 14749 | D:11     | Killed a tengu warrior
 14749 | D:11     | Reached skill level 9 in Throwing
 15605 | D:11     | Found a staircase to the Orcish Mines.
 16470 | D:12     | Received a gift from Okawaru
 16491 | D:12     | Got a slimy centaur barding {god gift}
 16497 | D:12     | Identified the +0 centaur barding of Vabristri {Int+4}
                  | (Okawaru gifted it to you on level 12 of the Dungeon)
 16618 | D:12     | Reached XP level 12. HP: 73/97 MP: 15/21
 16639 | D:12     | Reached skill level 10 in Throwing
 17571 | D:13     | Found Toeri's Jewellery Shop.
 17613 | D:13     | Noticed a six-headed hydra
 17625 | D:13     | Killed a six-headed hydra
 18192 | D:13     | Noticed a two-headed ogre
 18216 | D:13     | Killed a two-headed ogre
 18216 | D:13     | Reached skill level 11 in Throwing
 18312 | D:13     | Got a transparent whip
 18313 | D:13     | Identified the +10 whip of Theory {venom, MR+} (You found
                  | it on level 13 of the Dungeon)
 18367 | D:13     | Identified a scroll of acquirement
 18661 | D:13     | Found Gank's Book Boutique.
 18873 | D:13     | Found Datuk's Armour Boutique.
 18896 | D:13     | You fall into a shaft and drop 2 floors!
 18896 | D:15     | Entered Level 15 of the Dungeon
 18896 | D:15     | Noticed a centaur warrior
 18896 | D:15     | Noticed a two-headed ogre
 18898 | D:15     | Noticed a two-headed ogre
 18898 | D:15     | Noticed an ettin
 18899 | D:15     | Found a staircase to the Depths.
 18964 | D:15     | Killed an ettin
 18967 | D:15     | Killed a centaur warrior
 18967 | D:15     | Received a gift from Okawaru
 18985 | D:15     | Noticed a seven-headed hydra
 19046 | D:15     | Killed a two-headed ogre
 19046 | D:15     | Reached skill level 12 in Throwing
 19063 | D:15     | Killed a seven-headed hydra
 19130 | D:15     | Found Wesemolo's Elemental Accessories.
 19152 | D:15     | Reached ****** piety under Okawaru
 19216 | D:15     | Received a gift from Okawaru
 19411 | D:15     | Found a glowing silver altar of Zin.
 19474 | D:15     | Reached XP level 13. HP: 108/108 MP: 22/22
 19483 | D:15     | Received a gift from Okawaru
 19908 | D:15     | Noticed a fire dragon
 19953 | D:15     | Killed a fire dragon
 20609 | D:15     | Found a basalt altar of Yredelemnul.
 21232 | D:15     | Received a gift from Okawaru
 21257 | D:15     | Reached skill level 13 in Throwing
 22773 | D:14     | Received a gift from Okawaru
 22833 | D:14     | Got a transparent plate armour {god gift}
 22844 | D:14     | Identified the +0 plate armour of Gluttony {rPois Str-3
                  | Int+8 Dex-3} (Okawaru gifted it to you on level 14 of the
                  | Dungeon)
 23142 | D:9      | Paralysed by a +1 scimitar of chaos for 5 turns
 23505 | D:10     | Killed bmj180's ghost
 23643 | D:13     | Found Beotyav's Book Emporium.
 23649 | D:13     | Bought a book of Cantrips for 260 gold pieces
 23678 | D:13     | Found Vepoxzix's Jewellery Shoppe.
 24465 | D:14     | Reached skill level 10 in Fighting
 25585 | D:14     | Reached skill level 1 in Shields
 26057 | D:14     | Got a shimmering war axe
 26058 | D:14     | Identified the +2 war axe of the Coin {speed, Str+6} (You
                  | found it on level 14 of the Dungeon)
 26325 | D:14     | Found a runed translucent door.
 26326 | D:14     | Found a shimmering altar of Xom.
 26326 | D:14     | Noticed Geock's ghost (journeyman DDBe)
 26326 | D:14     | Identified the cursed +0 great sword of Big Damage {chaos,
                  | rPois Int+5 Stlth-}
 26451 | D:14     | Noticed an ettin
 26513 | D:14     | Killed an ettin
 26591 | D:14     | Found a gate to the Vaults.
 26826 | Lair:1   | Entered Level 1 of the Lair of Beasts
 26959 | Lair:1   | Reached XP level 14. HP: 60/122 MP: 23/23
 27810 | Lair:1   | Received a gift from Okawaru
 27810 | Lair:1   | Reached skill level 14 in Throwing
 28398 | Lair:2   | Found a glowing golden altar of the Shining One.
 28564 | Lair:2   | Found a staircase to the Shoals.
 28600 | Lair:2   | Found a dark tunnel.
 28632 | Volcano  | Entered a volcano
 29774 | Lair:3   | Found a staircase to the Snake Pit.
 29805 | Lair:3   | Got an iridescent hand axe
 29806 | Lair:3   | Identified the +8 hand axe of Premature Burial {flame,
                  | *Slow +Blink rN+} (You found it on level 3 of the Lair of
                  | Beasts)
 29903 | Lair:3   | Got a brightly glowing scale mail
 29914 | Lair:3   | Identified the +1 scale mail of the Planets {*Corrode MR+
                  | Regen+ Int+8} (You found it on level 3 of the Lair of
                  | Beasts)
 29930 | Lair:3   | Noticed Prince Ribbit
 29954 | Lair:3   | Killed Prince Ribbit
 30022 | Lair:3   | Received a gift from Okawaru
 30746 | Lair:4   | Noticed Nessos
 30757 | Lair:4   | Killed Nessos
 31679 | Lair:5   | Reached skill level 1 in Evocations
 32482 | Lair:5   | Noticed Rupert
 32503 | Lair:5   | Paralysed by Rupert for 6 turns
 32568 | Lair:5   | Paralysed by Rupert for 5 turns
 32608 | Lair:5   | Paralysed by Rupert for 2 turns
 32617 | Lair:5   | Killed Rupert
 32909 | Lair:5   | Reached skill level 10 in Armour
 32932 | Lair:5   | Identified Jaofel's Catalogue of Malediction
 33352 | Lair:6   | Entered Level 6 of the Lair of Beasts
 33352 | Lair:6   | Found a staircase to the Slime Pits.
 33547 | Lair:6   | Reached skill level 15 in Throwing
 33557 | Lair:6   | Found a viscous altar of Jiyva.
 35159 | Lair:6   | Learned a level 1 spell: Apportation
 35248 | Lair:6   | Received a gift from Okawaru
 35528 | Lair:6   | Reached XP level 15. HP: 130/132 MP: 24/24
 36130 | Lair:6   | Reached skill level 1 in Translocations
 36233 | Lair:6   | Received a gift from Okawaru
 37024 | Orc:1    | Entered Level 1 of the Orcish Mines
 37024 | Orc:1    | Noticed an orc warlord
 37235 | D:11     | Reached skill level 1 in Axes
 37308 | D:11     | Killed an orc warlord
 37923 | Orc:1    | Noticed Gastronok
 37946 | Orc:1    | Killed Gastronok
 38479 | Orc:2    | Entered Level 2 of the Orcish Mines
 38479 | Orc:2    | Found a large runed translucent door.
 38479 | Orc:2    | Found a large runed translucent door.
 38758 | Orc:1    | Reached skill level 5 in Axes
 39193 | Orc:2    | Found a roughly hewn altar of Beogh.
 39262 | Orc:2    | Noticed emiel's ghost (journeyman CeWn)
 39528 | Orc:2    | Found a staircase to the Elven Halls.
 39538 | Orc:2    | Found a roughly hewn altar of Beogh.
 39688 | Orc:2    | Found Wuoxays's Magic Scroll Emporium.
 39688 | Orc:2    | Found Woprorar's General Store.
 39689 | Orc:2    | Found Siem's General Store.
 39697 | Orc:2    | Found Neof's Armour Emporium.
 39702 | Orc:2    | Bought the +0 buckler of Podeazuka {rElec rPois MR+} for
                  | 424 gold pieces
 39892 | Orc:1    | Noticed Fannar
 39898 | Orc:1    | Received a gift from Okawaru
 39913 | Orc:1    | Killed Fannar
 40388 | Snake:1  | Entered Level 1 of the Snake Pit
 40907 | Shoals:1 | Entered Level 1 of the Shoals
 41501 | Shoals:1 | Received a gift from Okawaru
 42085 | Shoals:1 | Hit by a silver javelin thrown by a merfolk javelineer

Levels and vault maps discovered:
D:1:      onia_arrival_zoo_common, layout_rooms
D:2:      layout_loops_ring, overflow_temple_1_default,
          nicolae_dithmenos_through_a_glass_darkly
D:3:      layout_basic, overflow_temple_1_default, uniq_jessica
D:4:      layout_layer_cave, overflow_temple_1_default,
          minmay_temple_entry_mini_moons, serial_shops, shop, first_ration,
          uniq_natasha, uniq_duvessa
D:5:      layout_basic, kennysheep_mini_moat, minmay_gold_behind_fungi
D:6:      layout_loops_ring, overflow_temple_1_default, serial_bayou_pond_e
D:7:      layout_gridville, grunt_gozag_breadcrumbs, led_sif_book,
          old_standard_altar, uniq_pikel
D:8:      layout_loops_cross, nicolae_ru_the_path_less_chosen,
          kiku_gazebo_pond_becter, serial_shops, nicolae_shop_stone, uniq_joseph
D:9:      layout_layer_cave, nicolae_overflow_crystal_walls, dpeg_oklobed_lair,
          uniq_erica, uniq_psyche
D:10:     layout_roguey, serial_curves, eino_curves_01, eino_curves_02,
          ebering_ghost_xom, hangedman_pestilent_swarm
D:11:     layout_stronghold, hiddenorc1_lemuel
D:12:     layout_irregular_city
D:13:     layout_roguey, serial_shops, shop, shop, nicolae_shop_behind_doors,
          nicolae_shop_behind_doors, nicolae_shop_statue_plus
D:14:     layout_irregular_city, david_vaults_4, chequers_garden,
          ebering_ghost_xom
D:15:     hangedman_depths_entry_civil_slaughter, layout_loops_corners,
          basic_altar, lemuel_mausoleum_altar_yredelemnul,
          nicolae_elemental_shop
Lair:1:   layout_hall_layers, grunt_megastairs_5, lemuel_fruit_tree
Lair:2:   layout_cave_pods, shoals_dummy_entry, nicolae_volcano_entry_batcave,
          basic_altar
Lair:3:   layout_regular_city, dummy_snake_entry, disabler_island,
          uniq_prince_ribbit2
Lair:4:   layout_small_grid, cheibrodos_lair_lostbears, uniq_nessos
Lair:5:   layout_long_grid, kennysheep_catoblepas_arena, uniq_rupert
Lair:6:   grunt_lair_end_beastmaster, layout_misc_corridors, slime_altar_1,
          minmay_lair_oklob_chamber
Shoals:1: cheibrodos_shoals_roost, layout_shoals, nicolae_shoals_flooded_hall
Snake:1:  layout_chambers, serial_bayou_shore_a, serial_bayou_shore_b,
          uniq_aizul
Orc:1:    layout_caves, uniq_gastronok, uniq_fannar
Orc:2:    st_orc_mages, layout_caves, ebering_ghost_disaster_area, basic_altar,
          bh_open_orc_temple

Skill      XL: |  1  2  3  4  5  6  7  8  9 10 11 12 13 14 15 |
---------------+----------------------------------------------+-----
Transmutations | 1 2 |  2.4
Spellcasting   | 2 3 4 5 6 |  6.3
Armour         | 1 2 3 4 5 6 8 9 10 | 10.3
Poison Magic   | 3 4 5 6 7 |  7.0
Air Magic      | 1 2 3 |  3.0
Invocations    | 2 4 5 6 |  6.0
Short Blades   | 1 |  1.8
Throwing       | 3 5 6 9 12 13 15 | 15.6
Fighting       | 2 3 5 6 8 10 11 | 11.9
Shields        | 1 3 4 |  4.2
Evocations     | 1 |  1.1
Translocations | 1 |  1.2
Axes           | 9 |  9.5
Maces & Flails | |  0.2
Dodging        | |  1.3
Stealth        | |  1.1

Action                   |  1- 3 |  4- 6 |  7- 9 | 10-12 | 13-15 || total
-------------------------+-------+-------+-------+-------+-------++-------
Melee: Unarmed           |     2 |       |       |       |       ||     2
       Kick              |     3 |     6 |    22 |   133 |   319 ||   483
       Club              |    23 |     8 |       |       |       ||    31
       Dagger            |       |    33 |   105 |    21 |       ||   159
       Whip              |       |       |       |   437 |   714 ||  1151
       Punch             |       |       |       |     2 |       ||     2
       Battleaxe         |       |       |       |       |     9 ||     9
       Hand axe          |       |       |       |       |   433 ||   433
Throw: Dart              |       |     2 |    16 |   184 |   321 ||   523
       Boomerang         |       |       |   113 |   198 |   190 ||   501
       Javelin           |       |       |       |    21 |    48 ||    69
 Cast: Sting             |    37 |    41 |       |       |       ||    78
       Poisonous Vapours |    10 |    32 |    93 |   148 |   152 ||   435
       Olgreb's Toxic Ra |       |       |       |    25 |    81 ||   106
       Apportation       |       |       |       |       |     9 ||     9
Invok: Heroism           |       |       |       |     3 |     9 ||    12
       Finesse           |       |       |       |     2 |     5 ||     7
Evoke: Wand              |       |       |     3 |     2 |    12 ||    17
  Use: Potion            |       |       |     1 |     2 |     3 ||     6
       Scroll            |       |       |       |    23 |    10 ||    33
 Stab: Paralysed         |       |       |       |     9 |       ||     9
       Sleeping          |       |       |       |       |     1 ||     1
  Eat: Chunk             |     3 |     9 |     9 |    39 |    52 ||   112
       Ration            |       |       |     2 |     1 |     8 ||    11
Armor: Robe              |    12 |    18 |       |       |       ||    30
       Ring mail         |       |     5 |    54 |   301 |   873 ||  1233
Dodge: Dodged            |    17 |    23 |    47 |   230 |   655 ||   972
Block: Buckler           |       |       |       |       |   244 ||   244

Table legend:
 A = Non-vault XP
 B = Vault XP
 C = Vault XP percentage of total XP
 D = Non-vault monster count
 E = Vault monster count
 F = Vault count percentage of total count
                 A         B        C        D         E       F
            +---------+---------+-------+---------+---------+-------
      Total |  103009 |   48638 |  32.1 |     625 |     151 |  19.5
            +---------+---------+-------+---------+---------+-------
        D:1 |      37 |       0 |   0.0 |      18 |       0 |   0.0
        D:2 |      74 |       0 |   0.0 |      22 |       0 |   0.0
        D:3 |      95 |      37 |  28.0 |      21 |       1 |   4.5
        D:4 |     159 |     256 |  61.7 |       9 |       3 |  25.0
        D:5 |    1419 |       0 |   0.0 |      27 |       0 |   0.0
        D:6 |    1393 |       0 |   0.0 |      13 |       0 |   0.0
        D:7 |    1496 |    1186 |  44.2 |      27 |       3 |  10.0
        D:8 |    2617 |       0 |   0.0 |      48 |       0 |   0.0
        D:9 |    2148 |    2245 |  51.1 |      31 |       3 |   8.8
       D:10 |    3101 |    1484 |  32.4 |      30 |       5 |  14.3
       D:11 |    7852 |     250 |   3.1 |      50 |      17 |  25.4
       D:12 |    5486 |       0 |   0.0 |      38 |       0 |   0.0
       D:13 |    6598 |       0 |   0.0 |      26 |       0 |   0.0
       D:14 |    9882 |    2976 |  23.1 |      28 |       5 |  15.2
       D:15 |   10547 |    5628 |  34.8 |      34 |      18 |  34.6
     Lair:1 |    4464 |     780 |  14.9 |      20 |       5 |  20.0
     Lair:2 |    2485 |     594 |  19.3 |       8 |       3 |  27.3
     Lair:3 |    2997 |    1083 |  26.5 |       7 |       6 |  46.2
     Lair:4 |    2864 |    1956 |  40.6 |       9 |       3 |  25.0
     Lair:5 |    5045 |    4318 |  46.1 |      19 |       4 |  17.4
     Lair:6 |    9645 |    9141 |  48.7 |      23 |      16 |  41.0
   Shoals:1 |   10668 |    5006 |  31.9 |      24 |      12 |  33.3
    Snake:1 |    5767 |       0 |   0.0 |       9 |       0 |   0.0
      Orc:1 |    3909 |    5029 |  56.3 |      36 |       4 |  10.0
      Orc:2 |    2261 |    4792 |  67.9 |      48 |      37 |  43.5
    Volcano |       0 |    1877 | 100.0 |       0 |       6 | 100.0
            +---------+---------+-------+---------+---------+-------
